 Dungeon Crawl Stone Soup version 0.21-a0-94-gdd6ab6a (webtiles) character file.

18 sagitran the Conjurer (level 2, -2/15 HPs)
             Began as a Tengu Conjurer on July 3, 2017.
             Slain by a gnoll
             ... wielding a +0 whip
              (4 damage)
             ... on level 1 of the Dungeon.
             The game lasted 00:03:26 (487 turns).

sagitran the Conjurer (Tengu Conjurer)               Turns: 487, Time: 00:03:26

Health: -2/15      AC:  2    Str:  8    XL:     2   Next: 66%
Magic:  6/6        EV: 12    Int: 15    God:
Gold:   22         SH:  0    Dex: 14    Spells: 4/5 levels left

rFire    . . .     SeeInvis .   h - +0 short sword
rCold    . . .     Gourm    .   (no shield)
rNeg     . . .     Faith    .   a - +0 robe
rPois    .         Spirit   .   (helmet restricted)
rElec    .         Reflect  .   (no cloak)
rCorr    .         Harm     .   (no gloves)
MR       .....                  (boots unavailable)
Stlth    +.........             (no amulet)
HPRegen  0.05/turn              j - ring of loudness (curse)
MPRegen  0.10/turn              (no ring)

@: no status effects
A: beak, talons 3
a: no special abilities


You were on level 1 of the Dungeon.
You were not hungry.

You visited 1 branch of the dungeon, and saw 2 of its levels.

You collected 22 gold pieces.

Inventory:

Hand Weapons
 h - a +0 short sword (weapon)
Armour
 a - a +0 robe (worn)
Jewellery
 j - a cursed ring of loudness (left hand)
Potions
 d - a potion of might
 e - a potion of haste {unknown}
 g - a potion of mutation {unknown}
Books
 b - a book of Conjurations

   Spells                             Type                      Level
   a - Magic Dart                     Conjuration                  1
   b - Searing Ray                    Conjuration                  2
   c - Dazzling Spray                 Conjuration/Hexes            3
   d - Fulminant Prism                Conjuration/Hexes            4
   e - Force Lance                    Conjuration/Translocation    4
   f - Iskenderun's Mystic Blast      Conjuration                  4
Comestibles
 c - a bread ration
 f - a meat ration


   Skills:
 + Level 2.1 Dodging
 + Level 2.1 Stealth
 + Level 2.0 Spellcasting
 + Level 6.1 Conjurations


You had 4 spell levels left.
You knew the following spells:

 Your Spells              Type           Power        Failure   Level  Hunger
a - Magic Dart            Conj           ###.         1%          1    #......


Dungeon Overview and Level Annotations

Branches:
Dungeon (2/15)

Altars:


Innate Abilities, Weirdness & Mutations

You have a beak for a mouth.
You have claws for feet.


Message History

You hit the hobgoblin but do no damage. The hobgoblin misses you.
The hobgoblin barely misses you.
You open the door. The hobgoblin hits you. The hobgoblin misses you.
The gnoll hits you but does no damage.
There is an open door here.
You hit the hobgoblin but do no damage. The hobgoblin closely misses you.
The hobgoblin misses you. The gnoll barely misses you.
The hobgoblin closely misses you.
You completely miss the hobgoblin. The hobgoblin barely misses you.
The gnoll misses you. The hobgoblin hits you.
You barely miss the hobgoblin. You peck the hobgoblin.
The hobgoblin is moderately wounded.
The hobgoblin hits you. The gnoll hits you with a whip.
* * * LOW HITPOINT WARNING * * *
The hobgoblin hits you.
* * * LOW HITPOINT WARNING * * *
You hit the hobgoblin. You claw the hobgoblin.
You kill the hobgoblin!
The gnoll hits you with a whip.
You die...

#### ... ...# #.#
##.########.#
#........##'##
#..#####.#...## ....
#......## ##########
...# ##.......##
.......... ...#
#........†####
####......
...............g@..#
..........
...............g####
#..##......
#..#####....(..##
...........
##.....##
#######<>## ##...##
#.## ##'## #.# #.
#.# # #.# #.#


You could see a gnoll and a hobgoblin.

Vanquished Creatures
  An ooze (D:1)
  A dart slug (D:1)
  A giant cockroach (D:2)
  2 goblins (D:1)
  2 hobgoblins (D:1)
  2 kobolds (D:1)
  A bat (D:1)
10 creatures vanquished.

Notes
Turn   | Place    | Note
-------+----------+-------------------------------------------
     0 | D:1      | sagitran the Tengu Conjurer began the quest for the Orb.
     0 | D:1      | Reached XP level 1. HP: 10/10 MP: 4/4
    92 | D:1      | Reached XP level 2. HP: 15/15 MP: 1/6
   327 | D:1      | Reached skill level 6 in Conjurations
   487 | D:1      | Slain by a gnoll

Vault maps used:
D:1:      dpeg_arrival_line_fractal, hangedman_decor_push

Skill      XL: |  1  2 |
---------------+-------+-----
Conjurations   | 6 |  6.1
Dodging        | |  2.1
Stealth        | |  2.1
Spellcasting   | |  2.0

Action                   || total
-------------------------++-------
Melee: Short sword       ||    14
       Peck              ||     3
       Kick              ||     2
 Cast: Magic Dart        ||    21
  Use: Scroll            ||     1
Armor: Robe              ||     5
Dodge: Dodged            ||    28
